 Dungeon Crawl Stone Soup version 0.21.1-1-g345015f (webtiles) character file.

53 tyranidshit the Skirmisher (level 3, -1/31 HPs)
             Began as a Demonspawn Abyssal Knight on July 25, 2018.
             Was a Believer of Lugonu.
             Slain by a hobgoblin
             ... wielding a +0 falchion
             ... led by Robin
              (4 damage)
             ... on level 2 of the Dungeon.
             The game lasted 00:03:05 (1047 turns).

tyranidshit the Skirmisher (DsAK)                   Turns: 1047, Time: 00:03:06

Health: -1/31      AC: 10    Str: 13    XL:     3   Next: 64%
Magic:  4/4        EV: 11    Int: 13    God:    Lugonu [**....]
Gold:   65         SH:  0    Dex: 17    Spells: 2/2 levels left

rFire    + . .     SeeInvis .   a - +1 hand axe
rCold    . . .     Gourm    .   (no shield)
rNeg     . . .     Faith    .   e - +0 chain mail
rPois    .         Spirit   .   (helmet restricted)
rElec    .         Reflect  .   (no cloak)
rCorr    .         Harm     .   d - +1 pair of gloves
MR       .....                  (no boots)
Stlth    ..........             (no amulet)
HPRegen  0.10/turn              g - ring of flight
MPRegen  0.09/turn              (no ring)

@: agile
A: antennae 1, fire resistance 1
a: Depart the Abyss, Bend Space, Renounce Religion, Evoke Flight


You were on level 2 of the Dungeon.
You worshipped Lugonu.
Lugonu was pleased with you.
You were hungry.

You visited 1 branch of the dungeon, and saw 2 of its levels.
You visited the Abyss 1 time.

You collected 65 gold pieces.

Inventory:

Hand Weapons
 a - a +1 hand axe (weapon)
 i - a +0 hand axe of distortion
Armour
 b - a +0 leather armour
 d - a +1 pair of gloves (worn)
 e - a +0 chain mail (worn)
Jewellery
 g - a ring of flight (left hand)
Scrolls
 h - 2 scrolls of identify
 j - 2 scrolls of remove curse {unknown}
Potions
 f - 3 potions of agility
Comestibles
 c - 3 rations


   Skills:
 + Level 4.6 Fighting
 - Level 1.7 Axes
 - Level 1.7 Armour
 - Level 0.8 Dodging
 - Level 2.6 Invocations


You had 2 spell levels left.
You didn't know any spells.

Dungeon Overview and Level Annotations

Branches:
Dungeon (2/15)

Altars:

Annotations:
D:2 Robin


Innate Abilities, Weirdness & Mutations

You have a pair of small antennae on your head.
Your flesh is heat resistant. (rF+)


Message History

You closely miss the hobgoblin. You hit the hobgoblin but do no damage.
The hobgoblin no longer looks unusually strong.
Robin hits you but does no damage.
The hobgoblin hits you but does no damage.
The hobgoblin barely misses you.
Robin roars a battlecry!
The hobgoblin goes into a battle-frenzy!
You hit Robin.
Robin is almost dead.
You completely miss the hobgoblin. You hit the hobgoblin.
The hobgoblin hits you with a falchion.
* * * LOW HITPOINT WARNING * * *
The hobgoblin hits you but does no damage.
Robin misses you.
You hit Robin.
Robin is almost dead.
You hit the hobgoblin.
Your chain mail prevents you from hitting the hobgoblin.
The hobgoblin hits you with a falchion.
You die...

#..# ###..# ..## #...
..# ########.####...
..
..............#####.#
.#######.######.....#
. ## ####..#
#.....#... #....##
#....#.$# ##.####
##)gg....# #..#
##..@g..# #.##
##..####...# #.#
##..## ... ##.# #(.##
. ##..# #####.##
#..## #.....# ...#
##.##### ...###..#
...##..##


You could see Robin and 2 hobgoblins.

Vanquished Creatures
  2 leopard geckos (D:1)
  6 bats
  A giant cockroach (D:1)
  17 goblins
  7 hobgoblins
  A frilled lizard (D:1)
  7 kobolds (D:1)
  3 rats (D:1)
44 creatures vanquished.

Notes
Turn   | Place    | Note
-------+----------+-------------------------------------------
     0 | Abyss:1  | tyranidshit the Demonspawn Abyssal Knight began the quest for the Orb.
     0 | Abyss:1  | Reached XP level 1. HP: 18/18 MP: 2/2
    26 | Abyss:1  | Noticed a worldbinder
    29 | Abyss:1  | Noticed a necromancer
    29 | Abyss:1  | Noticed a wraith
    31 | Abyss:1  | Noticed a wraith
    35 | Abyss:1  | Noticed an orange demon
    37 | Abyss:1  | Noticed a worldbinder
    38 | Abyss:1  | Noticed a shadow
    40 | Abyss:1  | Noticed a deep elf mage
    40 | Abyss:1  | Noticed a deep elf knight
    40 | Abyss:1  | Noticed a deep elf archer
    40 | D:1      | Escaped the Abyss
    67 | D:1      | Reached * piety under Lugonu
   146 | D:1      | Gained mutation: Your flesh is heat resistant. (rF+) [demonic ancestry]
   146 | D:1      | Reached XP level 2. HP: 10/24 MP: 3/3
   516 | D:1      | Reached skill level 4 in Fighting
   608 | D:1      | Gained mutation: You have a pair of small antennae on your head. [demonic ancestry]
   608 | D:1      | Reached XP level 3. HP: 27/30 MP: 4/4
  1030 | D:2      | Noticed Robin
  1036 | D:2      | Reached ** piety under Lugonu
  1047 | D:2      | Slain by a hobgoblin

Skill      XL: |  1  2 |
---------------+-------+-----
Fighting       | 4 |  4.6
Axes           | |  1.7
Armour         | |  1.7
Dodging        | |  0.8
Invocations    | |  2.6

Action                   || total
-------------------------++-------
Melee: Hand axe          ||   133
Invok: Depart the Abyss  ||     1
  Use: Scroll            ||     3
       Potion            ||     3
Armor: Leather armour    ||    19
       Chain mail        ||    67
Dodge: Dodged            ||    74
